[Event "Titled Tuesday Blitz January 31 Late 2023"]
[White "Pranav, V"]
[Black "Holt, Conrad"]
[WhiteFideId "25060783"]
[BlackFideId "2034387"]
[WhiteElo "2597"]
[BlackElo "2540"]
[Result "0-1"]
[Round "06"]
[TimeControl "180+2"]
[Date "2023.01.31"]
[WhiteClock "0:00:05"]
[BlackClock "0:00:49"]

1. e4 e6 2. d3 d5 3. Nd2 c5 4. Ngf3 Nc6 5. g3 Bd6 6. Bg2 Nge7 7. O-O O-O 8. Re1 Qc7 9. Nf1 d4 10. N3d2 e5 11. Nc4 Be6 12. Nxd6 Qxd6 13. f4 f6 14. b3 b5 15. f5 Bf7 16. g4 c4 17. h4 Rac8 18. g5 cxd3 19. cxd3 Nb4 20. Ba3 a5 21. Ng3 Rc3 22. Ne2 Rc6 23. Bf3 Rfc8 24. Rc1 Rxc1 25. Nxc1 Qc7 26. gxf6 gxf6 27. Kh1 Nc2 28. Rg1+ Kh8 29. Bxe7 Qxe7 30. Qd2 b4 31. Qh6 Rg8 32. Rxg8+ Bxg8 33. Ne2 Ne1 34. Bg2 Nxd3 35. Qd2 Nf2+ 36. Kg1 Ng4 37. Bf3 Qg7 38. Ng3 Ne3 39. Kf2 Qxg3+ 40. Kxg3 Nf1+ 0-1


[Site "https://www.chess.com"]

[Event "Titled Tuesday Blitz January 31 Late 2023"]
[White "Galchenko, Matvey"]
[Black "Deac, Bogdan-Daniel"]
[WhiteFideId "24175480"]
[BlackFideId "1226380"]
[WhiteElo "2438"]
[BlackElo "2700"]
[Result "0-1"]
[Round "06"]
[TimeControl "180+2"]
[Date "2023.01.31"]
[WhiteClock "0:00:11"]
[BlackClock "0:00:03"]

1. f4 d5 2. Nf3 g6 3. g3 Bg7 4. Bg2 Nd7 5. O-O c6 6. Nc3 Nh6 7. e3 Nf5 8. d3 Qb6 9. Qe2 h5 10. Bh3 Nf6 11. Kg2 Ng4 12. Re1 O-O 13. e4 dxe4 14. dxe4 Nd4 15. Nxd4 Bxd4 16. Rf1 Qc5 17. Nd1 Be6 18. c3 Bg7 19. Re1 Rad8 20. Ne3 f5 21. e5 Rd7 22. Kh1 Rfd8 23. Bg2 Qa5 24. Nc2 Bd5 25. h3 Nh6 26. Be3 e6 27. Nd4 Re8 28. a4 Qc7 29. Rad1 Bxg2+ 30. Qxg2 Nf7 31. Rd2 Rdd8 32. Red1 a6 33. Qe2 Bf8 34. Qc4 Qc8 35. Kg2 Rd5 36. Nf3 Be7 37. Bb6 Bd8 38. Bf2 b5 39. axb5 axb5 40. Qa2 Be7 41. Qa7 Bf8 42. Rxd5 cxd5 43. Nd4 b4 44. cxb4 Bxb4 45. Qb6 Bc5 46. Qb5 Bxd4 47. Rxd4 Rd8 48. Qb6 Qd7 49. b4 Rc8 50. b5 Rc2 51. Ra4 Rb2 52. Ra8+ Kg7 53. Ra7 Qxb5 54. Qxe6 Rxf2+ 55. Kxf2 Qc5+ 56. Kg2 Qxa7 57. Qf6+ Kg8 58. e6 Qa2+ 59. Kg1 Qb1+ 60. Kg2 Qc2+ 61. Kg1 Qd1+ 62. Kf2 Qd2+ 63. Kf1 Qd1+ 64. Kf2 Qc2+ 65. Kf1 Qb3 66. Qxf7+ Kh8 67. Qf8+ Kh7 68. Qf7+ Kh8 69. Qf6+ Kh7 70. Qe5 Qd1+ 71. Kf2 Qd2+ 72. Qe2 Qxe2+ 73. Kxe2 Kg7 74. Ke3 Kf6 75. e7 Kxe7 76. Kd4 Kd6 0-1


[Site "https://www.chess.com"]

[Event "Titled Tuesday Blitz January 31 Late 2023"]
[White "Salem, A.R. Saleh"]
[Black "Yanchenko, Roman"]
[WhiteFideId "9301348"]
[BlackFideId "4137329"]
[WhiteElo "2677"]
[BlackElo "2466"]
[Result "1/2-1/2"]
[Round "06"]
[TimeControl "180+2"]
[Date "2023.01.31"]
[WhiteClock "0:00:04"]
[BlackClock "0:00:12"]

1. d4 d5 2. c4 c6 3. Nf3 Bf5 4. Nc3 e6 5. g3 Nf6 6. Nh4 Bg6 7. Nxg6 hxg6 8. Bg2 Nbd7 9. O-O Bd6 10. b3 O-O 11. e4 dxe4 12. Nxe4 Nxe4 13. Bxe4 Nf6 14. Bf3 e5 15. dxe5 Bxe5 16. Rb1 Qxd1 17. Rxd1 Rad8 18. Be3 a6 19. Bb6 Rxd1+ 20. Rxd1 Re8 21. h4 Rc8 22. a4 Bc7 23. Be3 Rd8 24. Rxd8+ Bxd8 25. b4 Kf8 26. b5 axb5 27. cxb5 cxb5 28. axb5 b6 29. Kf1 Nd7 30. Ke2 Be7 31. Bc6 Nc5 32. Kd2 Na4 33. Bf4 Bc5 34. f3 Ke7 35. Kd3 Bd6 36. Ke3 Nc5 37. Bd5 Bxf4+ 38. Kxf4 f6 39. g4 Kd6 40. Bf7 Ne6+ 41. Ke4 Nc7 42. Bxg6 Nxb5 43. Bf7 Ke7 44. Bb3 Nd6+ 45. Kd5 Nf7 46. f4 Nh6 47. Bd1 g5 48. fxg5 fxg5 49. hxg5 Nf7 50. g6 Ng5 51. Ke5 Ne6 52. Bb3 Ng7 53. Bc4 Kf8 54. Bb5 Ke7 55. Bc4 Ne8 56. Bd5 Kf8 57. Bc6 Ke7 58. Kf5 Ng7+ 59. Ke5 Ne6 60. Bd5 Ng7 61. Bf7 b5 62. Bb3 b4 63. g5 Ne8 64. Bc4 Ng7 65. Bf7 Nh5 66. Kd4 Kd6 67. Kc4 Ke5 68. Kxb4 Ng7 69. Kc5 Kf4 70. Kd6 Kxg5 71. Ke7 Kh6 72. Kf8 Nh5 73. Be8 Ng7 74. Bf7 Nh5 75. Kg8 Ng7 76. Kh8 Nh5 77. Be8 Ng7 78. Bc6 Kxg6 1/2-1/2


[Site "https://www.chess.com"]

[Event "Titled Tuesday Blitz January 31 Late 2023"]
[White "Martinez Alcantara, Jose Eduardo"]
[Black "Paichadze, Luka"]
[WhiteFideId "3805662"]
[BlackFideId "13602934"]
[WhiteElo "2619"]
[BlackElo "2515"]
[Result "1-0"]
[Round "06"]
[TimeControl "180+2"]
[Date "2023.01.31"]
[WhiteClock "0:00:22"]
[BlackClock "0:00:13"]

1. e4 c6 2. d4 d5 3. e5 Bf5 4. h4 Qb6 5. Nc3 h5 6. Nf3 e6 7. Bd3 Ne7 8. O-O Nd7 9. Bg5 Bxd3 10. Qxd3 Nf5 11. a3 c5 12. Nxd5 exd5 13. Qxf5 Qe6 14. Qf4 c4 15. Qe3 Rc8 16. c3 Rc6 17. Rfe1 Qg4 18. Nh2 Qf5 19. Nf1 Re6 20. Ng3 Qc2 21. Re2 Qh7 22. f4 f5 23. Qf3 Nb6 24. Nf1 g6 25. a4 a5 26. Ne3 Qd7 27. b3 cxb3 28. Rb2 Nc4 29. Rxb3 Nd2 30. Qd1 Nxb3 31. Qxb3 Be7 32. Nxd5 Bxg5 33. fxg5 Kd8 34. Rb1 Rc6 35. c4 Rh7 36. Nf6 Qxd4+ 37. Kf1 Qf4+ 38. Qf3 Qxf3+ 39. gxf3 Rhc7 40. Rd1+ Kc8 41. Nd5 Rd7 42. f4 Kd8 43. Rd4 Ke8 44. Nf6+ Rxf6 45. Rxd7 Rb6 46. Rg7 Kf8 47. Rc7 Rb4 48. Ke2 Rxa4 49. Kd3 Ke8 50. Rxb7 Ra3+ 51. Kd4 Rf3 52. Kd5 Rxf4 53. c5 Rb4 54. c6 Kd8 55. Rxb4 axb4 56. Kd6 b3 57. c7+ Kc8 58. e6 b2 59. e7 b1=Q 60. e8=Q+ 1-0


[Site "https://www.chess.com"]

[Event "Titled Tuesday Blitz January 31 Late 2023"]
[White "Riehle, Marco"]
[Black "Terry, Renato"]
[WhiteFideId "12904392"]
[BlackFideId "3803457"]
[WhiteElo "2368"]
[BlackElo "2520"]
[Result "0-1"]
[Round "06"]
[TimeControl "180+2"]
[Date "2023.01.31"]
[WhiteClock "0:00:35"]
[BlackClock "0:00:17"]

1. e4 e6 2. c4 d5 3. cxd5 exd5 4. Qb3 Bc5 5. Nc3 Ne7 6. exd5 O-O 7. Nf3 Nf5 8. Be2 Nd7 9. O-O Nf6 10. d3 h6 11. Ne4 Bb6 12. Nxf6+ Qxf6 13. Bd2 Rd8 14. Rfe1 Nd4 15. Nxd4 Bxd4 16. Bf3 Bxb2 17. Rab1 Be5 18. Qa4 Bd7 19. Qc4 b6 20. d6 c6 21. Re4 Qxd6 22. Rbe1 Be6 23. Qc2 Bxh2+ 24. Kh1 Qxd3 25. Qxd3 Rxd3 26. Bxh6 gxh6 27. Kxh2 Kg7 28. a4 Rad8 29. Bg4 Bxg4 30. Rxg4+ Kf8 31. Ree4 R3d5 32. Rh4 R8d6 33. f3 a5 34. Kg3 b5 35. axb5 cxb5 36. Re1 Rg5+ 37. Kh3 b4 38. Rc1 Rb6 39. Rc7 Rf5 40. Rc8+ Kg7 41. Rg4+ Rg5 42. Rd4 b3 43. f4 Rgb5 44. Rd1 b2 45. Rb1 a4 46. Ra8 Rb3+ 47. Kh4 a3 48. g4 Rc3 49. g5 hxg5+ 50. fxg5 Rc1 51. Rxb2 axb2 52. g6 b1=Q 53. gxf7 Rc4+ 0-1


[Site "https://www.chess.com"]

[Event "Titled Tuesday Blitz January 31 Late 2023"]
[White "Tactrics"]
[Black "Svane, Rasmus"]
[BlackFideId "4657101"]
[WhiteElo "2794"]
[BlackElo "2623"]
[Result "0-1"]
[Round "06"]
[TimeControl "180+2"]
[Date "2023.01.31"]
[WhiteClock "0:00:32"]
[BlackClock "0:01:44"]

1. e4 c6 2. Nc3 d5 3. Nf3 dxe4 4. Nxe4 Nf6 5. Qe2 Nxe4 6. Qxe4 Qa5 7. Qf4 Qf5 8. Qe3 Qxc2 9. Bd3 Qa4 10. b3 Qb4 11. O-O Nd7 12. Bb2 Nf6 13. Rfe1 Nd5 14. Qe5 Qf4 15. Rac1 Qxe5 16. Nxe5 f6 17. Nf3 Kf7 18. Bc4 e6 19. a3 a5 20. Nd4 Bd6 21. Re4 Bd7 22. Rce1 Rhe8 23. g3 Rad8 24. h4 e5 25. Nb5 Bb8 26. R4e2 Bg4 27. f3 Bxf3 28. Rf2 cxb5 0-1


[Site "https://www.chess.com"]

[Event "Titled Tuesday Blitz January 31 Late 2023"]
[White "Rasulov, Vugar"]
[Black "Avila Pavas, Santiago"]
[WhiteFideId "13402390"]
[BlackFideId "4437128"]
[WhiteElo "2523"]
[BlackElo "2522"]
[Result "0-1"]
[Round "06"]
[TimeControl "180+2"]
[Date "2023.01.31"]
[WhiteClock "0:00:01"]
[BlackClock "0:00:41"]

1. Nf3 d5 2. c4 d4 3. g3 Nc6 4. Bg2 e5 5. d3 f6 6. O-O Bc5 7. Na3 Nge7 8. Nc2 a5 9. a3 O-O 10. Rb1 a4 11. Nd2 Nf5 12. b4 axb3 13. Nxb3 Be7 14. Nb4 Nxb4 15. axb4 Bxb4 16. Nxd4 Nxd4 17. Rxb4 Bg4 18. f3 Bc8 19. Be3 Ra2 20. Kh1 Nc2 21. Bc5 Nxb4 22. Bxb4 Re8 23. Bc5 b6 24. Bg1 Bb7 25. Re1 Qa8 26. c5 bxc5 27. Qc1 Bd5 28. Qxc5 Qa5 29. h4 Ra8 30. Qf2 Qd2 31. Kh2 h5 32. Qc5 Qxe1 33. Qxd5+ Kh8 34. f4 Qxe2 35. fxe5 fxe5 36. Kh3 Rb8 37. Qc6 Qg4+ 38. Kh2 Rbb2 39. Bf2 Rxf2 40. Kh1 Qh3+ 41. Bxh3 Ra1+ 42. Bf1 Raxf1# 0-1


[Site "https://www.chess.com"]

[Event "Titled Tuesday Blitz January 31 Late 2023"]
[White "Drygalov, Sergey"]
[Black "Bryakin, Mikhail"]
[WhiteFideId "24171743"]
[BlackFideId "4165314"]
[WhiteElo "2547"]
[BlackElo "2455"]
[Result "1-0"]
[Round "06"]
[TimeControl "180+2"]
[Date "2023.01.31"]
[WhiteClock "0:00:58"]
[BlackClock "0:00:56"]

1. d4 d6 2. Nf3 e5 3. dxe5 Bg4 4. Bg5 Be7 5. Bxe7 Nxe7 6. exd6 cxd6 7. e3 Qb6 8. Qd4 Qa5+ 9. Qc3 Nbc6 10. Qxa5 Nxa5 11. Nd4 O-O-O 12. Nc3 a6 13. h3 Bf5 14. Bd3 Bxd3 15. cxd3 Nac6 16. Nb3 d5 17. d4 f5 18. Kd2 Rhf8 19. g3 Ng8 20. Nc5 Rd6 21. Rac1 Nf6 22. Ke2 Ne4 23. Nd3 Kb8 24. h4 Ne7 25. Nxe4 fxe4 26. Nf4 Ng6 27. h5 Ne7 28. Rc2 Rc8 29. Rxc8+ Kxc8 30. g4 Kd7 31. Rc1 Rb6 32. Rc2 h6 33. f3 exf3+ 34. Kxf3 Rf6 35. Kg3 Rb6 36. Nd3 Rf6 37. Nc5+ Ke8 38. Nxb7 g6 39. hxg6 Rxg6 40. Kf4 Rf6+ 41. Ke5 Rf3 42. Rc3 Rf2 43. Nd6+ Kd7 44. Nf5 Nc6+ 45. Kxd5 Rxb2 46. Rxc6 1-0


[Site "https://www.chess.com"]

[Event "Titled Tuesday Blitz January 31 Late 2023"]
[White "Fernandez Guillen, Ernesto J."]
[Black "Dardha, Daniel"]
[WhiteFideId "3512428"]
[BlackFideId "240990"]
[WhiteElo "2477"]
[BlackElo "2631"]
[Result "1/2-1/2"]
[Round "06"]
[TimeControl "180+2"]
[Date "2023.01.31"]
[WhiteClock "0:00:04"]
[BlackClock "0:00:05"]

1. e4 c5 2. Nf3 d6 3. d4 cxd4 4. Nxd4 Nf6 5. Nc3 Nc6 6. Bc4 Qb6 7. Ndb5 a6 8. Be3 Qa5 9. Nd4 Nxe4 10. Qf3 f5 11. Nxc6 bxc6 12. O-O-O d5 13. Nxe4 fxe4 14. Qh5+ g6 15. Qe5 Rg8 16. Rxd5 cxd5 17. Bxd5 Qb5 18. Qxe4 Bf5 19. Bc6+ Kf7 20. Qd5+ Qxd5 21. Bxd5+ Be6 22. Bxa8 Bg7 23. Be4 Rb8 24. b3 a5 25. Rd1 Kf8 26. c4 a4 27. Kc2 Rc8 28. f3 Bf6 29. Bd4 Bg5 30. g3 Kf7 31. f4 Bh6 32. Be5 axb3+ 33. axb3 Bf8 34. Kc3 h6 35. Bd5 g5 36. f5 Bxd5 37. Rxd5 Ra8 38. g4 Ra2 39. c5 e6 40. Rd7+ Ke8 41. c6 exf5 42. gxf5 Ra5 43. Bd6 Bxd6 44. Rxd6 Rxf5 45. Rxh6 Kd8 46. b4 Kc7 47. Kc4 Kb6 48. Rg6 Rf4+ 49. Kb3 Rf2 50. Rh6 g4 51. Kc3 Rf3+ 52. Kc4 g3 53. hxg3 Rxg3 54. b5 Rg5 55. Kd4 Rxb5 56. c7+ Kxc7 57. Kc4 Rb6 58. Rxb6 Kxb6 1/2-1/2


[Site "https://www.chess.com"]

[Event "Titled Tuesday Blitz January 31 Late 2023"]
[White "Stoyanov, Tsvetan"]
[Black "Chigaev, Maksim"]
[WhiteFideId "2917173"]
[BlackFideId "4108116"]
[WhiteElo "2454"]
[BlackElo "2628"]
[Result "0-1"]
[Round "06"]
[TimeControl "180+2"]
[Date "2023.01.31"]
[WhiteClock "0:00:05"]
[BlackClock "0:00:43"]

1. e4 c5 2. Nf3 e6 3. d4 cxd4 4. Nxd4 Nf6 5. Nc3 Nc6 6. Ndb5 d6 7. Bf4 e5 8. Bg5 a6 9. Na3 b5 10. Nd5 Be7 11. Bxf6 Bxf6 12. c3 Ne7 13. Nc2 Nxd5 14. Qxd5 Be6 15. Qc6+ Ke7 16. Ne3 Qd7 17. Qxd7+ Kxd7 18. h4 h5 19. g3 Bd8 20. Bh3 Bb6 21. Nd5 Rhb8 22. Ke2 Kc6 23. Nb4+ Kc7 24. Bxe6 fxe6 25. Rad1 Rf8 26. f3 a5 27. Nd3 Rf6 28. Rh2 Raf8 29. f4 Rg6 30. fxe5 Rxg3 31. exd6+ Kxd6 32. Nf4+ Ke5 33. Nxh5 Re3+ 34. Kd2 g6 35. Rg2 gxh5 36. Rg5+ Kxe4 37. Kc1 e5 38. Rxh5 Re2 39. Rg5 Be3+ 0-1


[Site "https://www.chess.com"]

[Event "Titled Tuesday Blitz January 31 Late 2023"]
[White "Paravyan, David"]
[Black "Oganian, Miran"]
[WhiteFideId "4194985"]
[BlackFideId "4122488"]
[WhiteElo "2601"]
[BlackElo "2439"]
[Result "1-0"]
[Round "06"]
[TimeControl "180+2"]
[Date "2023.01.31"]
[WhiteClock "0:01:07"]
[BlackClock "0:01:17"]

1. d4 d5 2. c4 e6 3. Nf3 a6 4. cxd5 exd5 5. Nc3 Nf6 6. Bg5 c6 7. e3 Be7 8. Bd3 Nbd7 9. h3 O-O 10. Bf4 Re8 11. O-O Nf8 12. Qc2 Ng6 13. Bh2 Bd6 14. Rae1 Bxh2+ 15. Nxh2 Nh4 16. f4 Qd6 17. g4 Ng6 18. Qf2 b5 19. Nf3 b4 20. Ne2 Ne4 21. Bxe4 dxe4 22. Ne5 Be6 23. f5 Nxe5 24. dxe5 Qxe5 25. fxe6 fxe6 26. Qf7+ Kh8 27. Rf2 h6 28. Nf4 Kh7 29. Qg6+ Kg8 30. Nh5 Rf8 31. Rf6 Qxf6 32. Nxf6+ Rxf6 33. Qxe4 Raf8 34. Qxc6 Rf3 35. Qxe6+ Kh8 36. Qe5 a5 37. b3 Rf2 38. Qxa5 R2f3 39. Qxb4 Rg3+ 40. Kh2 Rff3 41. Qb8+ Kh7 42. Qxg3 1-0


[Site "https://www.chess.com"]

[Event "Titled Tuesday Blitz January 31 Late 2023"]
[White "Maximov, Dmitry"]
[Black "Oparin, Grigoriy"]
[WhiteFideId "14105659"]
[BlackFideId "24125890"]
[WhiteElo "2497"]
[BlackElo "2667"]
[Result "0-1"]
[Round "06"]
[TimeControl "180+2"]
[Date "2023.01.31"]
[WhiteClock "0:00:07"]
[BlackClock "0:00:07"]

1. e4 c6 2. Nf3 d5 3. Nc3 dxe4 4. Nxe4 Nf6 5. Qe2 Na6 6. Nxf6+ gxf6 7. d4 Bg4 8. c3 Qd5 9. Qe3 Bxf3 10. gxf3 Nc7 11. Bd3 O-O-O 12. Bd2 h5 13. Qe2 Bh6 14. Bxh6 Rxh6 15. Bc4 Qd6 16. O-O-O e6 17. Kb1 Rg8 18. Bd3 Nd5 19. Bc2 h4 20. h3 Rh5 21. a3 Rhg5 22. c4 Nf4 23. Qe3 Kb8 24. Ka2 Rd8 25. Bb3 Qc7 26. Rd2 a5 27. Rhd1 Qd6 28. d5 exd5 29. cxd5 Nxd5 30. Bxd5 Rxd5 31. Rxd5 cxd5 32. Qd4 Qe6 33. Qxh4 d4+ 34. Ka1 d3 35. Qf4+ Ka8 36. Qc7 Qd5 37. Qc3 d2 38. h4 Rd6 39. h5 Qxh5 40. Rxd2 Rc6 41. Rd8+ Ka7 42. Qd4+ Qc5 43. Qxc5+ Rxc5 44. Rd4 Rf5 45. f4 Kb6 46. Kb1 Kc5 47. Rd7 b6 48. Rxf7 Rxf4 49. Rc7+ Kb5 50. Rc2 a4 51. Re2 Kc4 52. Kc2 b5 53. Rd2 f5 54. Re2 Rf3 55. Rd2 Kc5 56. Re2 Kd4 57. Rd2+ Kc4 58. Re2 Rf4 59. Rd2 Re4 60. Kb1 f4 61. Kc2 f3 62. Kc1 Kb3 63. Rd3+ Ka2 64. Rxf3 Re1+ 65. Kd2 Rb1 66. Rc3 Kxb2 67. Rc5 Kxa3 68. f4 b4 69. f5 Rf1 70. Rb5 b3 71. Ke2 Rh1 72. f6 b2 73. f7 Rh8 74. Kd2 Ka2 75. Kc2 Rc8+ 76. Kd2 b1=Q 77. Rxb1 Kxb1 0-1


[Site "https://www.chess.com"]

[Event "Titled Tuesday Blitz January 31 Late 2023"]
[White "Sokolovsky, Yahli"]
[Black "Melkumyan, Hrant"]
[WhiteFideId "2820242"]
[BlackFideId "13302485"]
[WhiteElo "2461"]
[BlackElo "2645"]
[Result "0-1"]
[Round "06"]
[TimeControl "180+2"]
[Date "2023.01.31"]
[WhiteClock "0:00:02"]
[BlackClock "0:00:53"]

1. b3 d5 2. e3 c5 3. Nf3 a6 4. Bb2 Nc6 5. d4 Nf6 6. a3 Bg4 7. Bd3 e6 8. Nbd2 Rc8 9. O-O b5 10. c4 dxc4 11. bxc4 bxc4 12. Bxc4 cxd4 13. exd4 Bd6 14. Bxa6 Rb8 15. Qa4 O-O 16. Qxc6 Rb6 17. Qc2 Rxa6 18. Ne5 Bf5 19. Qd1 Nd5 20. Ndc4 Bc7 21. Qe2 Qa8 22. Qf3 Rb8 23. Bc1 Ra4 24. h4 f6 25. Nd7 Rxc4 26. Nxb8 Qxb8 27. g4 Bg6 28. Qe2 Rc6 29. Be3 h5 30. gxh5 Be4 31. f3 Nxe3 32. Qxe3 Bf5 33. Rf2 Bf4 34. Qe1 Qb3 35. Kh1 Bg3 36. Qe2 Bxf2 37. Qxf2 Rc2 38. Qg3 Be4 39. Rf1 Qd3 0-1


[Site "https://www.chess.com"]

[Event "Titled Tuesday Blitz January 31 Late 2023"]
[White "Nigmatov, Ortik"]
[Black "Hansen, Eric"]
[WhiteFideId "14202131"]
[BlackFideId "2606771"]
[WhiteElo "2438"]
[BlackElo "2609"]
[Result "0-1"]
[Round "06"]
[TimeControl "180+2"]
[Date "2023.01.31"]
[WhiteClock "0:00:13"]
[BlackClock "0:00:08"]

1. e4 c5 2. Nf3 e6 3. d4 cxd4 4. Nxd4 a6 5. c4 Nf6 6. Nc3 Qc7 7. a3 b6 8. Be2 Bb7 9. f3 d6 10. Be3 Nbd7 11. O-O Be7 12. Rc1 O-O 13. b4 Rfc8 14. Kh1 Qd8 15. Na4 Rab8 16. Qd2 h5 17. Rc2 h4 18. Rfc1 Qf8 19. Qe1 h3 20. g3 Qe8 21. Bf1 Nxe4 22. fxe4 Bxe4+ 23. Kg1 Bxc2 24. Rxc2 Ne5 25. Nb2 b5 26. Bxh3 bxc4 27. Bf4 Bf6 28. Bg2 Nd3 29. Qe4 d5 30. Qe3 Bxd4 31. Qxd4 e5 32. Qxd5 exf4 33. Nxc4 Rd8 34. Qe4 Rbc8 35. gxf4 Qxe4 36. Bxe4 Rd4 37. Bxd3 Rxd3 38. Kf1 Rd4 39. Ne3 Rxc2 40. Nxc2 Rxf4+ 41. Ke2 Rh4 42. Kd3 Kf8 43. a4 Ke7 44. Nd4 Kd7 45. Kc4 Rxh2 46. b5 axb5+ 47. axb5 Rh4 48. Kd5 Rxd4+ 49. Kxd4 Kc7 50. Kc5 Kb7 51. Kd6 g5 52. Ke5 g4 53. Kf5 g3 0-1


[Site "https://www.chess.com"]

[Event "Titled Tuesday Blitz January 31 Late 2023"]
[White "Taspinar, Yanki"]
[Black "Kravtsiv, Martyn"]
[WhiteFideId "34561188"]
[BlackFideId "14113147"]
[WhiteElo "2262"]
[BlackElo "2598"]
[Result "1-0"]
[Round "06"]
[TimeControl "180+2"]
[Date "2023.01.31"]
[WhiteClock "0:00:02"]
[BlackClock "0:00:01"]

1. Nf3 d5 2. g3 Nf6 3. Bg2 c5 4. O-O Nc6 5. d4 cxd4 6. Nxd4 e5 7. Nb3 Be7 8. Nc3 Be6 9. f4 exf4 10. Bxf4 O-O 11. Kh1 h6 12. Nb5 Rc8 13. N5d4 Nxd4 14. Nxd4 Bg4 15. Qd3 Qb6 16. Rab1 Rfd8 17. Nf5 Bf8 18. Be5 Ne4 19. Bd4 Qe6 20. Ne3 Bh3 21. Rbd1 a6 22. c3 h5 23. Bxh3 Qxh3 24. Nxd5 Nxg3+ 25. Qxg3 Qxg3 26. Nf6+ gxf6 27. hxg3 Rc6 28. Rd3 Rd5 29. Bxf6 Rxd3 30. exd3 Re6 31. Kg2 Kh7 32. Bd4 Kg6 33. Kf3 f5 34. Be3 Bd6 35. Bf2 Kg5 36. Re1 Rxe1 37. Bxe1 Kf6 38. Bd2 Ke6 39. Bf4 Be7 40. c4 Bf6 41. b3 Bc3 42. Ke3 Bf6 43. d4 h4 44. d5+ Kd7 45. gxh4 Bxh4 46. Be5 Bg5+ 47. Kf3 Bd2 48. Bf4 Bc3 49. Kg3 Be1+ 50. Kf3 Bc3 51. Bg3 Bd2 52. Bf2 Bg5 53. Bd4 Kd6 54. Ke2 Bf4 55. Kd3 Bg5 56. Bg7 Bc1 57. Bc3 Kc5 58. Bf6 Kd6 59. Bh4 Kc5 60. Bf2+ Kd6 61. Be3 Bb2 62. Bf4+ Kc5 63. Kc2 Bd4 64. Kd3 Bf6 65. Bb8 Bg5 66. Ba7+ Kd6 67. Be3 Bf6 68. b4 Kd7 69. c5 Be5 70. Bd4 Bg3 71. a4 Bh2 72. b5 axb5 73. axb5 Bg3 74. Kc4 Kc8 75. d6 b6 76. c6 Bxd6 77. Bxb6 f4 78. Bf2 Kc7 79. Kd5 1-0


[Site "https://www.chess.com"]

[Event "Titled Tuesday Blitz January 31 Late 2023"]
[White "Zhigalko, Sergei"]
[Black "Golding, Alex"]
[WhiteFideId "13502956"]
[BlackFideId "427241"]
[WhiteElo "2572"]
[BlackElo "2318"]
[Result "1-0"]
[Round "06"]
[TimeControl "180+2"]
[Date "2023.01.31"]
[WhiteClock "0:00:22"]
[BlackClock "0:00:02"]

1. e4 e5 2. Nf3 Nc6 3. Bc4 Bc5 4. b4 Bxb4 5. c3 Bd6 6. d4 Nf6 7. O-O O-O 8. Re1 h6 9. Nbd2 Re8 10. a4 b6 11. a5 Nxa5 12. Rxa5 bxa5 13. Qb3 Re7 14. dxe5 Bxe5 15. Bxf7+ Kh8 16. Nh4 d6 17. Ng6+ Kh7 18. Nf3 Bxc3 19. Rd1 Rxf7 20. Qxf7 Bg4 21. Nf4 Bxf3 22. Qg6+ Kg8 23. gxf3 Qe8 24. Qg2 Be5 25. Ng6 Nd7 26. Bxh6 Kh7 27. Nxe5 Nxe5 28. Qxg7# 1-0


[Site "https://www.chess.com"]

[Event "Titled Tuesday Blitz January 31 Late 2023"]
[White "Kim, Sergey"]
[Black "Jones, Gawain C B"]
[WhiteFideId "13700570"]
[BlackFideId "409561"]
[WhiteElo "2295"]
[BlackElo "2618"]
[Result "0-1"]
[Round "06"]
[TimeControl "180+2"]
[Date "2023.01.31"]
[WhiteClock "0:00:06"]
[BlackClock "0:01:11"]

1. d4 Nf6 2. c4 g6 3. Nc3 Bg7 4. e4 d6 5. Nge2 Nc6 6. d5 Ne5 7. Ng3 h5 8. Be2 h4 9. Nf1 h3 10. g3 c6 11. Ne3 Qa5 12. O-O Ned7 13. a3 Qc7 14. Bd2 a5 15. Rc1 Nc5 16. f3 a4 17. Rc2 Qb6 18. Kh1 Nb3 19. c5 dxc5 20. Nc4 Qd8 21. dxc6 Nd4 22. Be3 Nxc2 23. Qxc2 bxc6 24. Bxc5 O-O 25. Rd1 Nd7 26. Bb6 Qe8 27. Bf2 Ba6 28. Nxa4 Ne5 29. Nxe5 Bxe2 30. Qxe2 Bxe5 31. Nc5 Rd8 32. Nd3 Qd7 0-1


[Site "https://www.chess.com"]

[Event "Titled Tuesday Blitz January 31 Late 2023"]
[White "Lizak, Peter"]
[Black "Naroditsky, Daniel"]
[WhiteFideId "731595"]
[BlackFideId "2026961"]
[WhiteElo "2411"]
[BlackElo "2618"]
[Result "0-1"]
[Round "06"]
[TimeControl "180+2"]
[Date "2023.01.31"]
[WhiteClock "0:00:01"]
[BlackClock "0:00:36"]

1. d4 Nf6 2. Nc3 d5 3. Bf4 a6 4. e3 b5 5. Nf3 Bb7 6. Bd3 e6 7. Ne2 c5 8. c3 Nc6 9. h3 Bd6 10. O-O O-O 11. Ne5 Bxe5 12. Bxe5 Nxe5 13. dxe5 Nd7 14. f4 f5 15. b4 Qb6 16. Qd2 Rac8 17. Kh2 a5 18. bxc5 Nxc5 19. Nd4 Ba6 20. Rfc1 Nxd3 21. Qxd3 Rc5 22. Qd2 Rfc8 23. Rab1 Rc4 24. a3 Kf7 25. Qe1 h6 26. g4 fxg4 27. hxg4 Qd8 28. Rb2 b4 29. axb4 axb4 30. Rxb4 Rxb4 31. cxb4 Rxc1 32. Qxc1 Qh4+ 33. Kg2 Qxg4+ 34. Kf2 Qh4+ 35. Kg2 Bd3 36. Qc7+ Kg6 0-1


[Site "https://www.chess.com"]

[Event "Titled Tuesday Blitz January 31 Late 2023"]
[White "Goltsev, Dmitry"]
[Black "Jobava, Baadur"]
[WhiteFideId "24176710"]
[BlackFideId "13601520"]
[WhiteElo "2269"]
[BlackElo "2578"]
[Result "0-1"]
[Round "06"]
[TimeControl "180+2"]
[Date "2023.01.31"]
[WhiteClock "0:01:51"]
[BlackClock "0:01:58"]

1. e4 c6 2. d4 d5 3. Nc3 dxe4 4. Nxe4 Bf5 5. Ng3 Bg6 6. Nh3 e6 7. Nf4 Qc7 8. c3 Bd6 9. Qf3 Nf6 10. h4 Nbd7 11. h5 Bc2 12. h6 g6 13. Bd2 O-O 14. Rc1 Bf5 15. Nxf5 exf5 16. Be2 Rae8 17. O-O Ne4 18. Be3 Ndf6 19. Bc4 Ng4 20. Rfe1 Nexf2 21. Bxf2 Bxf4 22. Rxe8 Rxe8 23. Re1 Rxe1+ 24. Bxe1 Be3+ 0-1


[Site "https://www.chess.com"]

[Event "Titled Tuesday Blitz January 31 Late 2023"]
[White "Bortnyk, Olexandr"]
[Black "Santos Ruiz, Miguel"]
[WhiteFideId "14120828"]
[BlackFideId "22291482"]
[WhiteElo "2605"]
[BlackElo "2590"]
[Result "1-0"]
[Round "06"]
[TimeControl "180+2"]
[Date "2023.01.31"]
[WhiteClock "0:00:02"]
[BlackClock "0:00:03"]

1. d4 Nf6 2. Nc3 d5 3. Bf4 c5 4. e4 cxd4 5. Qxd4 Nc6 6. Bb5 Bd7 7. Bxc6 Bxc6 8. e5 Ne4 9. e6 Nxc3 10. exf7+ Kxf7 11. bxc3 Qb6 12. Nf3 Qxd4 13. cxd4 Rc8 14. O-O Ba4 15. Rac1 h6 16. Ne5+ Kf6 17. Bg3 e6 18. c4 dxc4 19. Rc3 Be8 20. Rb1 b5 21. Rf3+ Ke7 22. Ra3 Kf6 23. Rxa7 c3 24. Rc1 b4 25. Nd3 Bg6 26. Bh4+ Kf5 27. Re1 Be8 28. Nf4 Kxf4 29. Re5 Kg4 30. Be7 g5 31. Bf6 c2 32. h3+ Kh5 33. g4+ Kg6 34. Bxh8 c1=Q+ 35. Kg2 Bf7 36. d5 Bd6 37. Rxe6+ 1-0


[Site "https://www.chess.com"]

[Event "Titled Tuesday Blitz January 31 Late 2023"]
[White "Averjanov, Alexey"]
[Black "Bok, Benjamin"]
[WhiteFideId "14109867"]
[BlackFideId "1017063"]
[WhiteElo "2399"]
[BlackElo "2607"]
[Result "0-1"]
[Round "06"]
[TimeControl "180+2"]
[Date "2023.01.31"]
[WhiteClock "0:01:05"]
[BlackClock "0:00:04"]

1. d4 Nf6 2. c4 e6 3. Nf3 d5 4. e3 Be7 5. Nbd2 O-O 6. Bd3 b6 7. O-O Bb7 8. Qe2 Nbd7 9. e4 dxc4 10. Nxc4 c5 11. e5 Nd5 12. Bd2 cxd4 13. Nxd4 Nc5 14. Bc2 Rc8 15. Rad1 g6 16. Bh6 Re8 17. Qg4 a6 18. b4 Nd7 19. Nxe6 Rxc4 20. Nxd8 Rxg4 21. Nxb7 Nxb4 22. Rxd7 Nxc2 23. Rfd1 Bg5 24. h3 Rxg2+ 25. Kxg2 Bxh6 26. Rd8 Kf8 27. Rxe8+ Kxe8 28. Rd8+ Ke7 29. Rb8 Bf4 30. Nd8 b5 31. Nc6+ Kd7 32. Kf3 Bh2 33. Nd8 Bxe5 34. Nxf7 Bxb8 35. Ng5 h6 36. Ne4 Nb4 37. Nc5+ Kc6 0-1


[Site "https://www.chess.com"]